 Dungeon Crawl Stone Soup version 0.29.1-2-gbd0b4ee654 (webtiles) character file.

Game seed: 13722838272193741458

9919 Uniporpoise the Grappler (level 11, 0/106 HPs)
             Began as a Green Draconian Transmuter on Nov 9, 2022.
             Was a Priest of Sif Muna.
             Slain by a troll (10 damage)
             ... on level 11 of the Dungeon.
             The game lasted 00:27:59 (16278 turns).

Uniporpoise the Grappler (DrTm)                    Turns: 16278, Time: 00:28:00

Health: 0/106      AC:  8    Str: 13    XL:     11   Next: 29%
Magic:  18/18      EV: 12    Int: 18    God:    Sif Muna [***...]
Gold:   204        SH:  0    Dex: 17    Spells: 6/20 levels left

rFire   x . .      SeeInvis .     - Unarmed
rCold   + + +      Faith    .   (shield currently unavailable)
rNeg    . . .      Spirit   .   (body armour unavailable)
rPois   +          Reflect  .   (helmet currently unavailable)
rElec   .          Harm     .   (cloak currently unavailable)
rCorr   .          Rampage  .   (gloves currently unavailable)
Will    .....                   (boots currently unavailable)
Stlth   ++........              (no amulet)
HPRegen 0.27/turn               f - +6 ring of dexterity
MPRegen 0.16/turn               j - ring of wizardry

@: ice-form, invisible
A: freezing attack, amphibious, boosted hp, (breathe noxious fumes), AC +7,
large, unfitting armour, (poison resistance), (cold-blooded)
a: End Transformation, Renounce Religion, Channel Magic, Forget Spell


You were on level 11 of the Dungeon.
You worshipped Sif Muna.
Sif Muna was most pleased with you.
You were a creature of crystalline ice.
You visited 2 branches of the dungeon, and saw 12 of its levels.
You also visited: Ossuary.

You collected 1686 gold pieces.
You spent 1482 gold pieces at shops.

Inventory:

Hand Weapons
 K - the +5 morningstar of the Vestibule of Hell {vorpal, rPois rN+++ Str+4 Dex-5}
   (You took it off an orc wizard on level 9 of the Dungeon)

   It inflicts extra damage upon your enemies.
   Str:       It affects your strength (+4).
   Dex:       It affects your dexterity (-5).
   rPois:     It protects you from poison.
   rN:        It renders you almost immune to negative energy.
Armour
 e - a +2 hat (melded)
 k - a +0 buckler (melded)
 J - a +0 pair of boots (melded)
Jewellery
 f - a +6 ring of dexterity (left front paw)
 j - a ring of wizardry (right front paw)
 v - a ring of see invisible
 C - a +6 ring of dexterity
 F - a +6 ring of intelligence
Wands
 i - a wand of roots (11)
 n - a wand of flame (8)
 r - a wand of polymorph (1)
 I - a wand of light (6)
Scrolls
 b - a scroll of brand weapon
 d - 2 scrolls of poison
 g - a scroll of blinking
 o - a scroll of torment
 x - a scroll of immolation
 y - a scroll of enchant armour {unknown}
 B - a scroll of enchant weapon
 D - a scroll of silence {unknown}
 G - a scroll of noise {unknown}
Potions
 a - 2 potions of lignification
 c - 3 potions of brilliance
 h - 3 potions of cancellation
 m - 2 potions of invisibility
 q - 2 potions of might
 s - 2 potions of berserk rage
 t - 2 potions of ambrosia {unknown}
 u - a potion of flight {unknown}
 z - a potion of haste {unknown}
 A - 3 potions of degeneration {unknown}
 E - a potion of curing
 H - 2 potions of resistance {unknown}


   Skills:
 + Level 5.7 Fighting
 - Level 5.0 Dodging
 - Level 1.0 Stealth
 * Level 7.2 Shields
 * Level 8.3 Unarmed Combat
 + Level 5.1 Spellcasting
 + Level 3.4 Conjurations
 * Level 7.8 Transmutations
 - Level 5.0 Ice Magic
 - Level 2.1 Poison Magic
 + Level 4.8 Invocations


You had 6 spell levels left.
You knew the following spells:

 Your Spells              Type           Power      Damage    Failure   Level
a - Beastly Appendage     Tmut           64%        N/A       1%          1
b - Blade Hands           Tmut           16%        N/A       6%          5
d - Ice Form              Ice/Tmut       27%        N/A       3%          4
e - Hailstorm             Conj/Ice       19%        3d6       9%          4

Your spell library contained the following spells:

 Spells                   Type           Power      Damage    Failure   Level
 Freeze                   Ice            88%        1d10      1%          1
 Wereblood                Tmut           32%        N/A       1%          2
 Frozen Ramparts          Ice            44%        1d7       1%          3
 Spider Form              Tmut/Pois      22%        N/A       1%          3
 Ignite Poison            Fire/Tmut/Pois 16%        N/A       4%          3
 Apportation              Tloc           8%         N/A       5%          1
 Slow                     Hex            16%        N/A       5%          1
 Mephitic Cloud           Conj/Pois/Air  11%        N/A       8%          3
 Stone Arrow              Conj/Erth      20%        3d8       8%          3
 Sublimation of Blood     Necr           4%         N/A       9%          2
 Petrify                  Tmut/Erth      18%        N/A       11%         4
 Irradiate                Conj/Tmut      12%        3d15      14%         5
 Confusing Touch          Hex            4%         N/A       16%         3
 Portal Projectile        Hex/Tloc       8%         N/A       16%         3
 Summon Guardian Golem    Hex/Summ       4%         N/A       16%         3
 Tukima's Dance           Hex            4%         N/A       16%         3
 Vampiric Draining        Necr           4%         2d6       16%         3
 Alistair's Intoxication  Tmut/Pois      14%        N/A       19%         5
 Freezing Cloud           Conj/Ice/Air   7%         6-21      41%         5
 Cause Fear               Hex            2%         N/A       45%         4
 Metabolic Englaciation   Hex/Ice        6%         N/A       45%         5
 Statue Form              Tmut/Erth      12%        N/A       82%         6
 Dragon Form              Tmut           16%        N/A       85%         7
 Orb of Destruction       Conj           8%         9d6       100%        7
 Spellforged Servitor     Conj/Summ      5%         N/A       100%        7
 Summon Hydra             Summ           2%         N/A       100%        7
 Lehudib's Crystal Spear  Conj/Erth      5%         10d3      100%        8
 Dragon's Call            Summ           2%         N/A       100%        9
 Animate Armour           Summ/Erth      Unusable   N/A       N/A         4

Dungeon Overview and Level Annotations

Branches:
Dungeon (11/15)            Temple (1/1) D:4            Lair (0/5) D:9
Ossuary (visited)
    Orc: D:9-12

Altars:
Ashenzari
Cheibriados
Dithmenos
Elyvilon
Fedhas
Gozag
Hepliaklqana
Kikubaaqudgha
Makhleb
Nemelex Xobeh
Okawaru
Qazlal
Ru
Sif Muna
Trog
Uskayaw
Vehumet
Wu Jian
Xom
Yredelemnul
Zin
The Shining One

Shops:
D:1 (   D:6 (   D:9 :

Annotations:
D:4 exclusion: statue


Innate Abilities, Weirdness & Mutations

You are a creature of crystalline ice.
You have a powerful freezing melee attack.
You are amphibious.
Your maximum health is increased.
Your armour is entirely melded.
You are incapable of wielding weapons or throwing items.
((You can breathe blasts of noxious fumes.))
((Your lurid green scales are hard. (AC +7)))
You cannot fit into any form of body armour.
((Your system is resistant to poisons. (rPois)))
((You are cold-blooded and may be slowed by cold attacks.))


Message History

You see here a +0 dagger.
You climb downwards.
Level annotation: Grum Grum closely misses you. x2
There is a stone staircase leading up here.
Grum is nearby!
A troll comes into view.
Found 25 gold pieces.
Grum hits you with a +1 spear!
You punch Grum! You freeze Grum.
Grum is heavily wounded.
You hit Grum. You freeze Grum.
Grum is heavily wounded.
Grum hits you but does no damage.
You punch Grum! You freeze Grum.
You kill Grum!
Sif Muna accepts your kill.
Things that are here:
a +1 spear; a +0 animal skin; the gnoll corpse of Grum The troll barely misses you.
The troll claws you. The troll claws you! The troll barely misses you.
The troll claws you! The troll barely misses you.
You see here 25 gold pieces.
You barely miss the troll. The troll bites you! The troll claws you! x2
* * * LOW HITPOINT WARNING * * *
You barely miss the troll. The troll barely misses you. The troll claws you.
* * * LOW HITPOINT WARNING * * *
The troll claws you but does no damage.
You hit the troll. You freeze the troll.
The troll is lightly wounded.
You punch the troll! You freeze the troll.
The troll is heavily wounded.
The troll bites you!
* * * LOW HITPOINT WARNING * * *
The troll claws you.
* * * LOW HITPOINT WARNING * * *
The troll claws you!
* * * LOW HITPOINT WARNING * * *
You fade into invisibility!
The troll bites you but does no damage. The troll claws you but does no damage.
The troll claws you!
You die...

# ##.###.##
.##...#...###
............
##...#...###
#..........#
#......<.#
#.#....)#..#
#......T...#
#..###Y###....#
#. #.# .....
#.. ....# ....
.#.## ###.#.#.#
.# .# .


You could see a troll (unable to see you).

Vanquished Creatures
  2 two-headed ogres
  An elephant (D:9)
  A gargoyle (D:10)
  A troll (D:10)
  A spriggan (shapeshifter) (D:10)
  A wraith (D:7)
  2 wyverns
  12 yaks
  Grum (D:11)
  4 steam dragons
  A basilisk (D:9)
  An acid dragon (D:10)
  A sky beast (D:8)
  An ice beast (D:4)
  5 orc warriors
  A black bear (D:9)
  An ogre (D:5)
  3 wolves (D:10)
  2 centaurs
  A phantom (D:6)
  3 kobold brigands
  6 bullfrogs
  5 scorpions
  17 wights
  8 killer bees
  2 howler monkeys
  A centaur zombie (Ossuary)
  3 hounds
  2 human zombies (Ossuary)
  2 jellies
  4 orc priests
  2 gnoll boudas
  Jessica (D:2)
  2 iguanas
  15 orc wizards
  2 mummies (Ossuary)
  3 gnolls (D:9)
  6 adders
  2 shadow imps
  A white imp (D:6)
  2 ufetubi
  4 adder zombies
  2 worms
  5 dart slugs
  28 orcs
  10 ball pythons
  A bat skeleton (D:2)
  A bat zombie (D:2)
  9 endoplasms
  7 giant cockroaches
  5 hobgoblins
  7 jackals
  14 kobolds
  4 quokkas
  6 bats
  10 frilled lizards
  8 goblins
  A goblin zombie (Ossuary)
  8 hobgoblin zombies (Ossuary)
  11 kobold zombies (Ossuary)
  12 orc zombies (Ossuary)
  6 rats
291 creatures vanquished.

Vanquished Creatures (others)
  2 withered plants (D:2)
2 creatures vanquished.

Grand Total: 293 creatures vanquished

Notes
Turn   | Place    | Note
-------+----------+-------------------------------------------
     0 | D:1      | Uniporpoise the Draconian Transmuter began the quest for
                  | the Orb.
     0 | D:1      | Reached XP level 1. HP: 16/16 MP: 3/3
   304 | D:1      | Found Mievoit's Weapon Shop.
   323 | D:1      | Reached XP level 2. HP: 23/23 MP: 3/5
  1133 | D:2      | Reached XP level 3. HP: 27/28 MP: 4/6
  1140 | D:2      | Learned a level 3 spell: Spider Form
  1174 | D:2      | Noticed Jessica
  1179 | D:2      | Killed Jessica
  1364 | D:2      | Found a faded altar of an unknown god.
  1476 | D:2      | Reached XP level 4. HP: 32/35 MP: 5/7
  1972 | D:2      | Learned a level 3 spell: Frozen Ramparts
  2645 | D:3      | Found a bloodstained altar of Trog.
  2811 | D:3      | Reached skill level 1 in Stealth
  2811 | D:3      | Reached skill level 4 in Unarmed Combat
  2829 | D:3      | Reached XP level 5. HP: 34/41 MP: 8/8
  3543 | D:4      | Noticed an ice beast
  3586 | D:4      | Killed an ice beast
  3587 | D:4      | Reached skill level 1 in Shields
  3587 | D:4      | Reached skill level 1 in Ice Magic
  3587 | D:4      | Reached skill level 1 in Poison Magic
  3587 | D:4      | Reached XP level 6. HP: 48/48 MP: 9/9
  3827 | D:4      | Found a staircase to the Ecumenical Temple.
  3841 | D:4      | Identified the +3 buckler of Duck's Teeth {Harm *Corrode
                  | rElec}
  3864 | Temple   | Entered the Ecumenical Temple
  3871 | Temple   | Became a worshipper of Sif Muna the Loreminder
  4385 | D:4      | Found a radiant altar of Vehumet.
  4782 | D:5      | Entered Level 5 of the Dungeon
  5132 | D:5      | Your scales start taking on a lurid green colour.
  5132 | D:5      | Reached XP level 7. HP: 15/56 MP: 7/11
  5132 | D:5      | Gained mutation: Your system is resistant to poisons.
                  | (rPois) [Green Draconian growth]
  5616 | D:5      | Learned a level 4 spell: Ice Form
  5690 | D:5      | Found an opulent altar of Gozag.
  5882 | D:4      | Reached skill level 5 in Unarmed Combat
  6692 | D:5      | Reached skill level 1 in Invocations
  6877 | D:5      | Reached XP level 8. HP: 62/63 MP: 10/12
  7203 | D:6      | Reached * piety under Sif Muna
  7634 | D:6      | Found Yrgheno's Antique Weapon Shoppe.
  7719 | D:6      | Reached skill level 5 in Transmutations
  8326 | D:6      | Reached skill level 6 in Unarmed Combat
  8847 | D:7      | Found a sand-covered staircase.
  8853 | Ossuary  | Entered an ossuary
  9063 | Ossuary  | Reached ** piety under Sif Muna
  9064 | Ossuary  | Reached XP level 9. HP: 71/71 MP: 10/14
  9716 | D:7      | Learned a level 4 spell: Hailstorm
 10366 | D:8      | Reached skill level 5 in Shields
 10734 | D:8      | Reached skill level 1 in Conjurations
 11493 | D:8      | Found a sparkling altar of Nemelex Xobeh.
 11728 | D:8      | Reached *** piety under Sif Muna
 11923 | D:9      | Found Neith's Book Shop.
 11949 | D:9      | Reached skill level 7 in Unarmed Combat
 11962 | D:9      | Reached XP level 10. HP: 62/80 MP: 10/16
 12232 | D:9      | Noticed an elephant
 12243 | D:9      | Killed an elephant
 12337 | D:9      | Reached skill level 5 in Fighting
 12337 | D:9      | Identified the +5 morningstar of the Vestibule of Hell
                  | {vorpal, rPois rN+++ Str+4 Dex-5}
 12352 | D:9      | Noticed a two-headed ogre
 13146 | D:9      | Found a staircase to the Lair.
 13460 | D:9      | Identified a scroll of acquirement
 13460 | D:9      | Acquired 1151 gold pieces
 13550 | D:9      | Killed a two-headed ogre
 13681 | D:9      | Bought a book of Transfigurations for 520 gold pieces
 13681 | D:9      | Bought a book of the Dragon for 598 gold pieces
 13683 | D:9      | Bought a Trismegistus Codex for 364 gold pieces
 13686 | D:10     | Entered Level 10 of the Dungeon
 13686 | D:10     | Noticed a gargoyle
 13810 | D:9      | Learned a level 5 spell: Blade Hands
 14247 | D:10     | Noticed a two-headed ogre
 14258 | D:10     | Killed a two-headed ogre
 14259 | D:10     | Reached skill level 8 in Unarmed Combat
 14259 | D:10     | Reached XP level 11. HP: 26/88 MP: 9/18
 14602 | D:10     | Reached skill level 5 in Spellcasting
 14924 | D:10     | Noticed a centaur warrior
 14958 | D:10     | Reached skill level 5 in Ice Magic
 15625 | D:10     | Reached skill level 5 in Dodging
 15916 | D:11     | Noticed Grum
 16270 | D:11     | Killed Grum
 16278 | D:11     | Slain by a troll

Illustrated notes

Levels and vault maps discovered:
D:1:      wheals_arrival_shading, layout_loops_cross, serial_shops, shop
D:2:      minmay_razor_zed, layout_loops_ring,
          shapermc_ecumenical_altar_mp_vishouse, serial_undead, serial_undead_b,
          serial_undead_c, serial_undead_e, serial_undead_a, uniq_jessica
D:3:      layout_rooms, trog_butcher_becter, minivault_25,
          kennysheep_generic_room_6
D:4:      minmay_diamond_boxcup, layout_basic, vehumet_statue,
          minmay_temple_entry_hall, grunt_ministairs_13
D:5:      layout_cave_pods, mainiacjoe_overflow_paths
D:6:      layout_cave_pods, serial_shops, nicolae_shop_advertising_works
          [nicolae_subvault_shop_adworks], nicolae_fountain_basement
D:7:      layout_rooms, nicolae_ossuary_entry_plus
D:8:      layout_loops_ring, nemelex_spade_bored_becter, grunt_tough_drop
D:9:      layout_irregular_city, david_lair_generic, serial_shops,
          nicolae_stop_n_shop_2
D:10:     cheibrodos_steamvent, layout_loops_ring,
          onia_ninara_dug_in_and_dangerous
D:11:     layout_loops_ring, orc_0_dummy, xom_shifter_show, uniq_grum
Temple:   nicolae_temple_no_exploring_needed

Skill      XL: |  1  2  3  4  5  6  7  8  9 10 11 |
---------------+----------------------------------+-----
Dodging        | 2 3 4 5 |  5.0
Stealth        | 1 |  1.0
Unarmed Combat | 4 5 6 7 8 |  8.3
Transmutations | 3 4 5 6 7 |  7.8
Fighting       | 2 3 4 5 |  5.7
Shields        | 1 2 3 4 5 6 7 |  7.2
Ice Magic      | 1 2 3 4 5 |  5.0
Poison Magic   | 1 2 |  2.1
Spellcasting   | 3 4 5 |  5.1
Invocations    | 1 2 3 4 |  4.8
Conjurations   | 1 3 |  3.4

Action                   |  1- 3 |  4- 6 |  7- 9 | 10-12 || total
-------------------------+-------+-------+-------+-------++-------
Melee: Unarmed           |    81 |   214 |   376 |   208 ||   879
       Kick              |    16 |    54 |    39 |     3 ||   112
       Headbutt          |     9 |    33 |    13 |     4 ||    59
       Tailslap          |     4 |    15 |    18 |     6 ||    43
       Punch             |     3 |     3 |       |       ||     6
 Cast: Beastly Appendage |    25 |    44 |    17 |     3 ||    89
       Spider Form       |       |     1 |       |       ||     1
       Frozen Ramparts   |       |     1 |     6 |     2 ||     9
       Ice Form          |       |       |    29 |    23 ||    52
       Hailstorm         |       |       |     1 |     4 ||     5
       Blade Hands       |       |       |       |     2 ||     2
Invok: Forget Spell      |       |       |       |     2 ||     2
 Abil: Breathe Noxious F |       |       |     2 |     1 ||     3
Evoke: Wand              |       |       |     2 |     1 ||     3
  Use: Scroll            |       |     9 |     5 |     9 ||    23
       Potion            |       |     2 |     3 |     7 ||    12
 Stab: Sleeping          |     1 |     2 |     3 |     2 ||     8
       Confused          |       |       |     2 |       ||     2
Armor: Skin              |    33 |    67 |    96 |   116 ||   312
Dodge: Dodged            |    41 |   122 |   176 |   196 ||   535
Block: Buckler           |       |     2 |    37 |     7 ||    46
